 Dungeon Crawl Stone Soup version 0.29-a0-416-g83a48905f1 (webtiles) character file.

Game seed: 13580423391712574359

306 hquester the Agent of Entropy (level 6, 0/48 HPs)
             Began as a Demonspawn Abyssal Knight on May 16, 2022.
             Was a Priest of Lugonu.
             Succumbed to a scorpion's poison
             ... on level 4 of the Dungeon.
             The game lasted 00:14:16 (5110 turns).

hquester the Agent of Entropy (DsAK)                Turns: 5110, Time: 00:14:16

Health: 0/48       AC:  6    Str: 16    XL:     6   Next: 16%
Magic:  18/18      EV: 13    Int: 11    God:    Lugonu [***...]
Gold:   190        SH:  0    Dex: 13    Spells: 5/5 levels left

rFire   . . .      SeeInvis +   a - +1 falchion
rCold   . . .      Faith    .   (no shield)
rNeg    . . .      Spirit   .   r - +0 ring mail
rPois   .          Reflect  .   (helmet restricted)
rElec   .          Harm     .   (no cloak)
rCorr   .          Rampage  .   y - +0 pair of gloves
Will    .....                   (no boots)
Stlth   +.........              m - amulet of the acrobat
HPRegen 0.16/turn               t - ring of see invisible
MPRegen 0.16/turn               p - ring of magical power

@: lethally poisoned (0 -> -13)
A: antennae 2, repulsion field 1, ignite blood 2
a: Renounce Religion, Depart the Abyss, Bend Space, Banish


You were on level 4 of the Dungeon.
You worshipped Lugonu.
Lugonu was most pleased with you.
You visited 1 branch of the dungeon, and saw 5 of its levels.
You visited the Abyss 1 time.

You collected 190 gold pieces.

Inventory:

Hand Weapons
 a - a +1 falchion (weapon)
Missiles
 q - a throwing net
Armour
 b - a +0 leather armour
 r - a +0 ring mail (worn)
 y - a +0 pair of gloves (worn)
Jewellery
 c - a ring of wizardry
 m - an amulet of the acrobat (around neck)
 p - a ring of magical power (right hand)
 t - a ring of see invisible (left hand)
Scrolls
 d - 3 scrolls of blinking
 f - 2 scrolls of enchant armour {unknown}
 g - a scroll of teleportation {unknown}
 h - a scroll of acquirement {unknown}
 i - a scroll of torment {unknown}
 o - 2 scrolls of fog {unknown}
 s - 4 scrolls of enchant weapon
 u - 4 scrolls of brand weapon {unknown}
 w - a scroll of identify
 x - a scroll of fear {unknown}
Potions
 e - a potion of brilliance
 j - a potion of cancellation
 k - 2 potions of might
 l - a potion of heal wounds
 v - 2 potions of attraction


   Skills:
 + Level 3.9 Fighting
 + Level 3.0 Long Blades
 + Level 2.8 Armour
 + Level 2.3 Dodging
 - Level 0.9 Stealth
 + Level 4.1 Invocations
 + Level 1.8 Evocations


You had 5 spell levels left.
You didn't know any spells.
Your spell library contained the following spells:

 Spells                   Type           Power      Damage    Failure   Level
 Sting                    Tmut/Pois      0%         1d3       54%         1
 Poisonous Vapours        Pois/Air       0%         N/A       69%         2
 Static Discharge         Conj/Air       0%         N/A       69%         2
 Dispel Undead            Necr           0%         3d6       100%        4
 Olgreb's Toxic Radiance  Pois           0%         N/A       100%        4
 Sticky Flame             Conj/Fire      0%         2d3       100%        4


Dungeon Overview and Level Annotations

Branches:
Dungeon (5/15)
 Temple: D:4-7

Altars:
Okawaru
Ru
Sif Muna


Innate Abilities, Weirdness & Mutations

You have a pair of antennae on your head.
You are surrounded by a mild repulsion field. (EV +2)
Your demonic aura often causes spilled blood to erupt in flames.


Message History

The scorpion stings you but does no damage.
The scorpion completely misses you.
You barely miss the scorpion.
The scorpion is heavily wounded.
You feel sick. The scorpion stings you.
You are lethally poisoned!
The scorpion poisons you!
You closely miss the scorpion.
The scorpion is heavily wounded.
* * * LOW HITPOINT WARNING * * *
You feel very sick. The scorpion closely misses you.
You closely miss the scorpion.
The scorpion is heavily wounded.
* * * LOW HITPOINT WARNING * * *
You feel very sick. The scorpion stings you.
* * * LOW HITPOINT WARNING * * *
The scorpion stings you but does no damage.
You feel better. The scorpion barely misses you.
Press: ? - help, Shift-Dir - straight line, f - scorpion
Aim: a scorpion (heavily wounded, chance to affect: 81%)
You fail to use your ability.
The scorpion barely misses you.
You hit the scorpion but do no damage.
The scorpion is heavily wounded.
The scorpion stings you.
* * * LOW HITPOINT WARNING * * *
You are poisoned.
The scorpion poisons you! The scorpion stings you.
* * * LOW HITPOINT WARNING * * *
You are more poisoned.
The scorpion poisons you!
You barely miss the scorpion.
The scorpion is heavily wounded.
* * * LOW HITPOINT WARNING * * *
You feel very sick.
The scorpion stings you but does no damage.
You barely miss the scorpion.
The scorpion is heavily wounded.
You die...

....#.# ##...##.#
#........... .##.#.#
#.#.##.# #..#########
....#.# #.#..#.#
#..##....(.. ###.#.#
#.#..#.#####..##.######
....#.#
#.#.........).##.#
#####.#
#.###..#####.###.# #.#
#.# #..# #..##.######
#.# #.#
#..#####..........# #.#
#.###.@.......#######.#
#.#
#....s.....#..#.....#..
#.#
##########.#..#.....#..
#.# #....#.._..#..
#####.# ###..#.....#..
......# #..#.....#..
####### #..###'###..
#...........
#...........


You could see a scorpion.

Vanquished Creatures
  A necrophage (D:4)
  A scorpion (D:4)
  An iguana (D:5)
  Natasha (D:3)
  4 adders
  An ufetubus (D:5)
  6 worms
  4 dart slugs
  An orc (D:3)
  4 endoplasms
  3 giant cockroaches
  4 goblins
  10 hobgoblins
  12 jackals
  3 kobolds
  7 ball pythons
  3 bats
  3 frilled lizards
  3 rats
72 creatures vanquished.

Notes
Turn   | Place    | Note
-------+----------+-------------------------------------------
     0 | Abyss:1  | hquester the Demonspawn Abyssal Knight began the quest for
                  | the Orb.
     0 | Abyss:1  | Reached XP level 1. HP: 18/18 MP: 2/2
     7 | Abyss:1  | Found a corrupted altar of Lugonu.
    32 | Abyss:1  | Noticed a quasit
    33 | D:1      | Escaped the Abyss
   213 | D:1      | Reached skill level 1 in Dodging
   340 | D:1      | Gained mutation: Your demonic aura sometimes causes spilled
                  | blood to erupt in flames. [demonic ancestry]
   340 | D:1      | Reached XP level 2. HP: 12/24 MP: 3/3
   505 | D:1      | Found a faded altar of an unknown god.
  1284 | D:1      | Gained mutation: You have a pair of small antennae on your
                  | head. [demonic ancestry]
  1284 | D:1      | Reached XP level 3. HP: 29/29 MP: 5/5
  1516 | D:2      | Reached skill level 3 in Invocations
  2897 | D:3      | Found a sacrificial altar of Ru.
  3010 | D:3      | Gained mutation: You are surrounded by a mild repulsion
                  | field. (EV +2) [demonic ancestry]
  3010 | D:3      | Reached XP level 4. HP: 35/35 MP: 6/6
  3053 | D:3      | Found a shimmering blue altar of Sif Muna.
  3155 | D:3      | Noticed Natasha
  3162 | D:3      | Killed Natasha
  3878 | D:4      | Noticed a necrophage
  3899 | D:4      | Killed a necrophage
  3900 | D:4      | Reached skill level 1 in Evocations
  3900 | D:4      | Gained mutation: Your demonic aura often causes spilled
                  | blood to erupt in flames. [demonic ancestry]
  3900 | D:4      | Reached XP level 5. HP: 26/41 MP: 7/7
  4109 | D:4      | Found an iron altar of Okawaru.
  4493 | D:4      | Reached *** piety under Lugonu
  4916 | D:5      | Entered Level 5 of the Dungeon
  4942 | D:5      | Gained mutation: You have a pair of antennae on your head.
                  | [demonic ancestry]
  4942 | D:5      | Reached XP level 6. HP: 13/48 MP: 8/8
  4948 | D:5      | Reached skill level 4 in Invocations
  5109 | D:4      | HP: 2/48 [poisoned by a scorpion]
  5110 | D:4      | Succumbed to a scorpion's poison

Illustrated notes

Levels and vault maps discovered:
D:1:      kennysheep_arrival_seaside, layout_loops_ring, serial_aquarium,
          aquarium_bridge_long_separate [aquarium_subvault_bridge,
          aquarium_subvault_window, aquarium_subvault_bridge,
          aquarium_subvault_bridge, aquarium_subvault_window,
          aquarium_subvault_wall], aquarium_bridge_square
          [aquarium_subvault_bridge, aquarium_subvault_window,
          aquarium_subvault_bridge, aquarium_subvault_bridge],
          aquarium_window_fake, aquarium_window_corridor_2, aquarium_window_1,
          aquarium_window_2, aquarium_view_2c,
          hellmonk_ecumenical_altar_heavens_door
D:2:      layout_rooms
D:3:      layout_loops_ring, mainiacjoe_overflow_chevrons,
          nicolae_sif_muna_condensation, uniq_natasha
D:4:      layout_basic, amcnicky_altar_gilded
D:5:      layout_rooms, kennysheep_generic_room_9, uniq_menkaure

Skill      XL: |  1  2  3  4  5  6 |
---------------+-------------------+-----
Dodging        | 1 2 |  2.3
Armour         | 2 |  2.8
Long Blades    | 2 3 |  3.0
Invocations    | 3 4 |  4.1
Evocations     | 1 |  1.8
Fighting       | |  3.9
Stealth        | |  0.9

Action                   |  1- 3 |  4- 6 || total
-------------------------+-------+-------++-------
Melee: Falchion          |   157 |   165 ||   322
       Punch             |     2 |     1 ||     3
Invok: Depart the Abyss  |     1 |       ||     1
  Use: Scroll            |     5 |     3 ||     8
       Potion            |       |     6 ||     6
 Stab: Sleeping          |     1 |       ||     1
Armor: Leather armour    |    29 |       ||    29
       Ring mail         |     8 |    60 ||    68
Dodge: Dodged            |   127 |   175 ||   302

Table legend: (Time is in decaauts)
 A = Elapsed time spent in this place.
 B = Non-inter-level travel time spent in this place.
 C = Inter-level travel time spent in this place.
 D = Time resting spent in this place.
 E = Time spent auto-exploring this place.
 F = Levels seen in this place.
 G = Mean time per level.
                   A        B        C        D        E       F      G
               +--------+--------+--------+--------+--------+-----+--------+
         Total |   5169 |   4928 |    241 |    318 |   3619 |   6 |  861.5 |
       Dungeon |   5136 |   4895 |    241 |    318 |   3605 |   5 | 1027.2 |
         Abyss |     33 |     33 |      0 |      0 |     14 |   1 |   33.0 |
               +--------+--------+--------+--------+--------+-----+--------+

Top non-repeatable levels by time:
     D:1: 1666 daAuts
     D:4: 1426 daAuts
     D:3: 1085 daAuts
     D:2: 783 daAuts
     D:5: 174 daAuts
 Abyss:1: 33 daAuts
